 Dungeon Crawl Stone Soup version 0.21.1-1-g345015f (webtiles) character file.

104 prawnwizard the Ducker (level 4, -11/31 HPs)
             Began as an Octopode Fighter on July 4, 2018.
             Mangled by Crazy Yiuf
             ... wielding a +4 quarterstaff of chaos
              (12 damage)
             ... on level 2 of the Dungeon.
             The game lasted 00:02:19 (1223 turns).

prawnwizard the Ducker (Octopode Fighter)           Turns: 1223, Time: 00:02:22

Health: -11/31     AC:  2    Str: 15    XL:     4   Next: 80%
Magic:  4/4        EV: 12    Int: 10    God:
Gold:   105        SH:  8    Dex: 12    Spells: 3/3 levels left

rFire    . . .     SeeInvis .     - Unarmed
rCold    . . .     Gourm    .   a - +0 shield
rNeg     . . .     Faith    .   p - +1 hat
rPois    .         Spirit   .   (no amulet)
rElec    .         Reflect  .   (no ring)
rCorr    .         Harm     .   (no ring)
MR       .....                  (no ring)
Stlth    ++........             (no ring)
HPRegen  0.10/turn              (no ring)
MPRegen  0.09/turn              (no ring)
                                (no ring)
                                (no ring)

@: no status effects
A: almost no armour, stealthy swim, amphibious, 8 rings, constrict 8, camouflage
1, gelatinous body 1
a: no special abilities


You were on level 2 of the Dungeon.
You were not hungry.

You visited 1 branch of the dungeon, and saw 2 of its levels.

You collected 105 gold pieces.

Inventory:

Armour
 a - a +0 shield (worn)
 p - a +1 hat (worn)
Scrolls
 e - a scroll of remove curse {unknown}
 f - a scroll of magic mapping {unknown}
 g - a scroll of immolation {unknown}
 k - a scroll of enchant weapon {unknown}
 l - a scroll of enchant armour {unknown}
 n - 2 scrolls of teleportation {unknown}
 o - 2 scrolls of fog {unknown}
Potions
 b - a potion of might
 h - 2 potions of curing {unknown}
 i - a potion of haste {unknown}
 j - 3 potions of flight {unknown}
 m - 2 potions of heal wounds {unknown}
 q - a potion of mutation {unknown}
 r - a potion of lignification {unknown}
Comestibles
 c - 4 rations
 d - 3 chunks of flesh


   Skills:
 + Level 3.5 Fighting
 * Level 4.1 Dodging
 - Level 3.0 Shields
 * Level 3.3 Unarmed Combat


You had 3 spell levels left.
You didn't know any spells.

Dungeon Overview and Level Annotations

Branches:
Dungeon (2/15)

Altars:
Gozag
Qazlal
Vehumet
Zin
The Shining One

Annotations:
D:2 Crazy Yiuf


Innate Abilities, Weirdness & Mutations

You cannot wear most types of armour.
You are very stealthy in the water. (Stealth+)
You are amphibious.
You can wear up to eight rings at the same time.
You can use your tentacles to constrict eight enemies at once.
Your skin changes colour to match your surroundings (Stealth+).
Your rubbery body absorbs attacks. (AC +1, EV +1)


Message History

You tentacle-slap Crazy Yiuf. Your grab misses Crazy Yiuf.
Crazy Yiuf is lightly wounded.
Crazy Yiuf yells, "Iron pizzabubble poople!"
Crazy Yiuf zaps a wand.
The puff of flame hits you!
It is a wand of flame (29).
You closely miss Crazy Yiuf. Your grab misses Crazy Yiuf.
Crazy Yiuf is lightly wounded.
Crazy Yiuf hits you with a quarterstaff of chaos!
Crazy Yiuf burns you.
Your shield prevents you from hitting Crazy Yiuf.
Your grab misses Crazy Yiuf. You squeeze Crazy Yiuf!
Crazy Yiuf is severely wounded.
Crazy Yiuf zaps a wand.
The puff of flame hits you!
* * * LOW HITPOINT WARNING * * *
You barely miss Crazy Yiuf. You grab Crazy Yiuf.
You squeeze Crazy Yiuf, but do no damage.
Crazy Yiuf is severely wounded.
You constrict Crazy Yiuf.
Crazy Yiuf cries, "Nubble blue Hive!"
Crazy Yiuf hits you with a quarterstaff of chaos!
You die...

#...............
###......#######
##.....# ####### ###
#######.# ####
###.#.....#####
#.).##).#..........##
#..g@)####......#....
#)).### ##.....#....
#### ####..#....
#..#.... #.......
########## ####..#....
#........# #.....#....
#........###########....
#..<.........#######....


You could see Crazy Yiuf.

Vanquished Creatures
  3 adders (D:2)
  3 oozes
  2 worms (D:2)
  3 dart slugs (D:1)
  2 leopard geckos (D:2)
  2 giant cockroaches (D:1)
  2 goblins
  5 hobgoblins
  11 jackals (D:1)
  A quokka (D:2)
  5 bats
  3 frilled lizards (D:2)
  4 kobolds
  3 rats
49 creatures vanquished.

Notes
Turn   | Place    | Note
-------+----------+-------------------------------------------
     0 | D:1      | prawnwizard the Octopode Fighter began the quest for the Orb.
     0 | D:1      | Reached XP level 1. HP: 16/16 MP: 1/1
    49 | D:1      | Reached XP level 2. HP: 19/21 MP: 2/2
   370 | D:1      | Reached XP level 3. HP: 20/26 MP: 3/3
   771 | D:2      | Found an opulent altar of Gozag.
   773 | D:2      | Found a faded altar of an unknown god.
   818 | D:2      | Reached XP level 4. HP: 31/31 MP: 4/4
   867 | D:2      | Reached skill level 4 in Dodging
   959 | D:2      | Found a radiant altar of Vehumet.
   959 | D:2      | Found a glowing golden altar of the Shining One.
   962 | D:2      | Found a glowing silver altar of Zin.
  1098 | D:2      | Found a stormy altar of Qazlal.
  1188 | D:2      | Found a runed door.
  1218 | D:2      | Noticed Crazy Yiuf
  1222 | D:2      | HP: 1/31 [Crazy Yiuf/wand of flame (29) (11)]
  1223 | D:2      | Mangled by Crazy Yiuf

Skill      XL: |  1  2  3  4 |
---------------+-------------+-----
Unarmed Combat | 3 |  3.3
Dodging        | 4 |  4.1
Fighting       | |  3.5
Shields        | |  3.0

Action                   |  1- 3 |  4- 6 || total
-------------------------+-------+-------++-------
Melee: Unarmed           |    83 |    38 ||   121
       Tentacles         |    18 |     8 ||    26
       Constrict         |    24 |    10 ||    34
       Punch             |     4 |     1 ||     5
 Stab: Sleeping          |     2 |     3 ||     5
  Eat: Chunk             |       |     1 ||     1
Armor: Skin              |     7 |       ||     7
Dodge: Dodged            |    31 |    12 ||    43
Block: Shield            |    39 |     7 ||    46
